 Dungeon Crawl Stone Soup version 0.32-a0-928-g1cae6b7ea0 (webtiles) character file.

Game seed: 1540417947265747275

153670 nuthulu the Severer (level 17, -5/159 HPs)
             Began as a Minotaur Fighter on Apr 12, 2024.
             Was the Champion of Okawaru.
             Slain by a tyrant leech (39 damage)
             ... on level 3 of the Swamp.
             The game lasted 00:42:11 (31818 turns).

nuthulu the Severer (Minotaur Fighter)             Turns: 31818, Time: 00:42:11

Health: -5/159     AC: 33    Str: 28    XL:     17   Next: 5%
Magic:  1/22       EV: 12    Int:  5    God:    Okawaru [******]
Gold:   1728       SH: 20    Dex: 11    Spells: 16/16 levels left

rFire   + . .        P - +3 broad axe (freeze)
rCold   . . .        O - +0 kite shield of the Three Beggars {^Contam rPois Will+ rCorr}
rNeg    + . .        c - +2 plate armour {Will+}
rPois   +            Q - +2 hat "Noed" {rF+}
rElec   .            k - +0 cloak
rCorr   +            R - +1 pair of gloves {infuse}
SInv    .            g - +3 pair of seven-league boots {Rampage+∞}
Will    +++..        e - amulet of reflection Stlth
                     u - ring of flight
HPRegen 0.46/turn    C - ring of positive energy
MPRegen 0.18/turn

%: reflection, rampage+∞, infuse magic (1 MP)
@: heroic, finesse-ful, flying, studying Shapeshifting
A: horns 2, retaliatory headbutt, hooves 1
a: Renounce Religion, Heroism, Finesse, Duel


You were on level 3 of the Swamp.
You worshipped Okawaru.
Okawaru was exalted by your worship.
You visited 5 branches of the dungeon, and saw 26 of its levels.

You collected 2177 gold pieces.
You spent 449 gold pieces at shops.

Inventory:

Hand Weapons
 w - the +8 spear "Lofiew" {drain, +Blink rCorr MP+9}
   (You found it on level 9 of the Dungeon)

   MP+9:      It affects your magic capacity (+9).
   +Blink:    It lets you blink.
   rCorr:     It protects you from acid and corrosion.
 P - a +3 broad axe of freezing (weapon)
Missiles
 L - 3 throwing nets (quivered)
Armour
 c - a +2 plate armour of willpower (worn)
 g - the +3 pair of seven-league boots (worn) {Rampage+∞}
   (You acquired it on level 1 of the Swamp)

   Rampage+∞: When moving toward enemies, its wearer moves as far as possible,
   alerting their target en route.
 k - a +0 cloak (worn)
 O - the +0 kite shield of the Three Beggars (worn) {^Contam rPois Will+ rCorr}
   (You acquired it on level 12 of the Dungeon)

   rPois:     It protects you from poison.
   Will+:     It increases your willpower.
   ^Contam:   It causes magical contamination when unequipped.
   rCorr:     It protects you from acid and corrosion.
 Q - the +2 hat "Noed" (worn) {rF+}
   (Okawaru gifted it to you on level 2 of the Orcish Mines)

   rF+:       It protects you from fire.
 R - a +1 pair of gloves of infusion (worn)
Jewellery
 e - an amulet of reflection (around neck)
 u - a ring of flight (left hand)
 v - an amulet of guardian spirit
 x - an amulet of regeneration
 C - a ring of positive energy (right hand)
 D - a ring of resist corrosion
 H - an amulet of magic regeneration
 M - a ring of protection from cold
 N - a ring of wizardry
 V - an amulet of faith
 Z - a ring of positive energy
Wands
 a - a wand of digging (12)
 d - a wand of flame (20)
 i - a wand of iceblast (15)
 l - a wand of light (2)
 n - a wand of polymorph (22)
 p - a wand of charming (26)
Scrolls
 f - 5 scrolls of teleportation
 m - 4 scrolls of amnesia
 q - 2 scrolls of poison
 r - 5 scrolls of blinking
 t - 3 scrolls of fog
 y - 3 scrolls of vulnerability
 B - 9 scrolls of identify
 G - a scroll of torment
 U - 2 scrolls of fear
 Y - a scroll of revelation
Potions
 h - 4 potions of brilliance
 j - a potion of magic
 o - 2 potions of attraction
 s - 2 potions of lignification
 z - 2 potions of might
 A - 12 potions of curing
 E - 2 potions of ambrosia
 F - 2 potions of enlightenment
 I - a potion of cancellation
 J - a potion of berserk rage
 T - 2 potions of mutation
 W - a potion of resistance
 X - 2 potions of invisibility
Miscellaneous
 b - a lightning rod (4/4)
 K - a condenser vane
 S - a phial of floods


   Skills:
 + Level 16.3(21.3) Fighting
 - Level 18.0(23.0) Axes
 + Level 16.3(21.3) Armour
 + Level 10.5(15.5) Dodging
 - Level 16.5(21.5) Shields
 - Level 8.0 Invocations
 + Level 11.8 Evocations


You had 16 spell levels left.
You didn't know any spells.
Your spell library contained the following spells:

 Spells                   Type           Power      Damage    Failure   Level
 Apportation              Tloc           0%         N/A       95%         1
 Kiss of Death            Conj/Necr      0%         2d5       95%         1
 Magic Dart               Conj           0%         1d3       95%         1
 Slow                     Hex            0%         N/A       95%         1
 Blink                    Tloc           0%         N/A       98%         2
 Jinxbite                 Hex            0%         N/A       98%         2
 Lesser Beckoning         Tloc           0%         N/A       98%         2
 Confusing Touch          Hex            0%         N/A       100%        3
 Inner Flame              Hex/Fire       0%         N/A       100%        3
 Maxwell's Portable Pile  Tloc           0%         2d(5-13)  100%        3
 Teleport Other           Tloc           0%         N/A       100%        3
 Volatile Blastmotes      Fire/Tloc      0%         2d10      100%        3
 Brom's Barrelling Bould  Conj/Erth      0%         2d3       100%        4
 Dispel Undead            Necr           0%         3d6       100%        4
 Flame Wave               Conj/Fire      0%         2d4       100%        4
 Iskenderun's Mystic Bla Conj/Tloc 0%             2d3        (+2d1     100%        4
 Passage of Golubria      Tloc           0%         N/A       100%        4
 Sticky Flame             Fire/Alch      0%         2d4       100%        4
 Alistair's Intoxication  Alch           0%         N/A       100%        5
 Fireball                 Conj/Fire      0%         3d3       100%        5
 Iskenderun's Battlesphe  Conj           0%         2d6       100%        5
 Yara's Violent Unravell  Hex/Alch       0%         3d3       100%        5
 Conjure Ball Lightning   Conj/Air       0%         3x3d6     100%        6
 Dispersal                Tloc           0%         N/A       100%        6
 Gell's Gavotte           Tloc           0%         2d(11-16) 100%        6
 Starburst                Conj/Fire      0%         6d3       100%        6
 Orb of Destruction       Conj           0%         9d5       100%        7
 Call Imp                 Summ           Unusable   N/A       N/A         2
 Tukima's Dance           Hex            Unusable   N/A       N/A         3

Dungeon Overview and Level Annotations

Branches:
Dungeon (15/15)            Temple (1/1) D:4            Lair (5/5) D:11
  Swamp (3/4) Lair:3        Snake (0/4) Lair:2        Slime (0/5) Lair:4
    Orc (2/2) D:12            Elf (0/3) Orc:2        Vaults (0/5) D:13
 Depths (0/4) D:15

Altars:
Ashenzari
Cheibriados
Dithmenos
Elyvilon
Fedhas
Gozag
Hepliaklqana
Kikubaaqudgha
Makhleb
Nemelex Xobeh
Okawaru
Qazlal
Ru
Sif Muna
Trog
Uskayaw
Vehumet
Wu Jian
Xom
Yredelemnul
Zin
The Shining One
Beogh
Jiyva

Shops:
Orc:1 (   Orc:2 !:*[

Portals:
Pandemonium: Orc:2
Trove: D:14 (give 13 potions of heal wounds)

Annotations:
D:4 2 transporters
D:12 3 transporters
D:13 2 transporters, Cotuymat's ghost, journeyman OnHW
Lair:3 Kirke
Swamp:3 3 runed translucent doors


Innate Abilities, Weirdness & Mutations

You have a pair of horns on your head.
You reflexively headbutt those who attack you in melee.
You have large cloven feet.


Message History

Unknown command.
You slice the spriggan druid!! You freeze the spriggan druid!
With its final breath, the spriggan druid offers up its power to the beasts of the wild!
The death drake is healed.
The tyrant leech seems to grow more fierce.
The death drake seems to grow more fierce.
You kill the spriggan druid!
Okawaru accepts your kill.
The forest abruptly stops moving.
A foxfire comes into view.
You hit the death drake. You freeze the death drake.
Your headbutt misses the death drake.
The death drake is heavily wounded.
The death drake bites you!
Unknown command.
You can now deal lightning-fast blows.
The spriggan air mage waves its arms in wide circles.
The air twists around and strikes you! You block the death drake's attack.
You slash the death drake! You freeze the death drake!
Your headbutt misses the death drake.
The death drake is almost dead.
The spriggan air mage waves its arms in wide circles.
The air twists around and strikes you!
* * * LOW HITPOINT WARNING * * *
Unknown command.
You slice the death drake!! You freeze the death drake.
You kill the death drake!
Okawaru accepts your kill. The foxfire hits you! You resist.
* * * LOW HITPOINT WARNING * * *
Unknown command.
You stride towards the foxfire!
You slash the foxfire! You freeze the foxfire.
The foxfire is lightly damaged.
You barely miss the tyrant leech.
The foxfire dissipates!
You stride towards the spriggan air mage!
You slash the spriggan air mage! You freeze the spriggan air mage.
The spriggan air mage is lightly wounded.
You barely miss the tyrant leech. The tyrant leech bites you!!!
You die... ♣♣♣...♣♣♣♣♣.♣ ♣♣~~<.~~~ ............##+# ♣.....~~~. ♣#♣♣~♣♣♣♣♣♣## .. ~~~~.....♣.~. ..♣♣.♣♣♣...♣ .. ~~###+++###~. ≈....♣♣..♣.♣♣##. ~ #ZZ.ZZZZ#♣♣

.♣.♣.♣.≈~≈..~.#' ##Z...Z##
.♣.♣.......♣#.#v## .......
♣♣♣♣.♣♣♣♣♣♣♣♣.#§i# ##.(!?.# ♣
♣♣~♣♣♣#♣♣ ♣.#w@#
..♣...♣...♣♣♣.##§#♣ #####
♣...#...♣..♣♣.....♣ ♣♣♣♣ ♣~.~♣
♣♣♣#.#♣♣♣♣♣.#.♣♣~.#♣♣..♣♣♣♣..~♣
♣...#...♣..♣♣.....♣♣~~~.♣♣~...♣
..♣...♣.[.♣♣♣#♣♣♣#♣♣♣~~.~.§~~.♣
###♣.♣#♣##♣♣#.....~~♣..~♣..~~~♣
~~~~~~~.~~~~..~..~...~.♣♣♣~♣♣♣♣
.~.♣♣♣♣♣♣.♣..~~.~~..♣~♣♣ ♣♣♣


You could see a tyrant leech (strong), a spriggan air mage (repels missiles) and
a will-o-the-wisp.

Vanquished Creatures
  2 tentacled monstrosities (Swamp:3)
  Jorgrun (Swamp:1)
  Frances (D:12)
  An ironbound preserver (D:13)
  4 bunyips
  3 eleionomae (Swamp:3)
  A dire elephant (Lair:2)
  A minotaur (Lair:2)
  Snorg (Orc:1)
  The ghost of OboGreatPlayer the Slicer, a journeyman CoHu of Hepliaklqana (Lair:2)
  14 hydras
  A demonspawn (Orc:2)
  A merfolk avatar (Lair:5)
  9 ghost crabs
  15 alligators
  4 centaur warriors
  2 catoblepae
  A spriggan air mage (Swamp:3)
  12 two-headed ogres
  6 boulder beetles
  An ogre mage (D:15)
  The ghost of Utekae Hyibe the Geomancer, a journeyman GrEE of Vehumet (Lair:1)
  2 death knights
  4 tengu warriors
  A vampire mage (D:15)
  2 death yaks
  3 orc high priests (Orc:2)
  Urug (Lair:5)
  2 skeletal warriors (D:15)
  A skyshark (Lair:4)
  5 goliath frogs
  A storm dragon skeleton (D:15)
  2 spark wasp zombies (D:15)
  2 death drakes
  A sea snake (Lair:5)
  3 swamp dragons
  A bog body (Swamp:3)
  2 lindwurms
  6 spriggan druids
  A glowing orange brain (D:13)
  13 slime creatures (D:14)
  Pikel (D:7)
  A necromancer (D:15)
  6 orc knights
  A deep elf pyromancer (D:13)
  2 obsidian bats
  5 cyclopes
  An oklob plant (Lair:5)
  9 orc sorcerers
  2 harpies (Lair:5)
  Maurice (D:7)
  13 elephants
  A manticore (Lair:5)
  A salamander (Lair:2)
  15 ugly things
  3 meliai (D:15)
  3 will-o-the-wisps
  4 apocalypse crabs (Swamp:1)
  2 kobold blastminers (Orc:2)
  9 black mambas
  2 gargoyles
  21 cane toads
  A torpor snail (Lair:2)
  2 unseen horrors
  5 rime drakes
  A rime drake (shapeshifter) (D:14)
  A freezing wraith (D:9)
  9 komodo dragons
  A tengu conjurer (D:14)
  9 trolls
  2 polar bears
  A wolf spider simulacrum (D:15)
  A bloated husk (Swamp:1)
  A red devil (Orc:2)
  4 hornets
  8 blink frogs
  Prince Ribbit (D:7)
  4 tyrant leeches
  A snapping turtle (Lair:5)
  Sigmund (D:5)
  56 yaks
  3 spriggans
  A vampire (D:14)
  2 hogs (Lair:3)
  A wraith (D:10)
  13 wyverns
  A human (D:12)
  3 basilisks
  5 wargs
  2 steam dragons
  Menkaure (D:5)
  15 vampire mosquitoes
  7 swamp worms
  2 acid dragons
  An acid dragon (shapeshifter) (D:13)
  12 water moccasins
  Duvessa (D:7)
  7 black bears
  36 orc warriors
  A boggart (D:9)
  11 ogres
  An ice beast (D:5)
  7 wolves
  20 centaurs
  2 lemures (D:7)
  A phantom (D:4)
  3 kobold brigands
  20 bullfrogs
  A scorpion (D:3)
  Dowan (D:7)
  4 killer bees
  6 howler monkeys
  2 electric eels
  4 lava snakes (Lair:2)
  A jelly (D:7)
  2 bombardier beetles
  3 gnoll boudas
  29 orc priests
  4 hounds
  A sleepcap (D:6)
  10 iguanas
  20 orc wizards
  13 gnolls
  2 adders
  A shadow imp (D:8)
  16 white imps
  2 ufetubi (D:7)
  A dart slug (D:1)
  58 orcs
  4 ball pythons
  A bat (D:1)
  8 endoplasms
  A giant cockroach (D:1)
  5 goblins
  9 hobgoblins
  7 jackals (D:5)
  4 quokkas
  A frilled lizard (D:2)
  14 kobolds
  2 rats
764 creatures vanquished.

Vanquished Creatures (others)
  A spriggan druid (Swamp:1)
  3 bloated husks
  A polar bear (Lair:5)
  A swamp worm (Swamp:3)
  10 foxfires
16 creatures vanquished.

Grand Total: 780 creatures vanquished

Notes
Turn   | Place    | Note
-------+----------+-------------------------------------------
     0 | D:1      | nuthulu the Minotaur Fighter began the quest for the Orb.
     0 | D:1      | Reached XP level 1. HP: 19/19 MP: 0/0
   142 | D:1      | Found a faded altar of an unknown god.
   156 | D:1      | Reached XP level 2. HP: 18/27 MP: 1/1
   234 | D:1      | Reached skill level 3 in Axes
   633 | D:1      | Identified a scroll of acquirement
   633 | D:1      | Acquired an amulet of reflection
  1489 | D:3      | Reached XP level 3. HP: 29/33 MP: 2/2
  1823 | D:3      | Gained mutation: You have large cloven feet. [potion of
                  | mutation]
  1833 | D:3      | Reached XP level 4. HP: 17/40 MP: 3/3
  2232 | D:4      | Noticed a bullfrog
  2234 | D:4      | Noticed a scorpion
  2235 | D:4      | Reached skill level 4 in Axes
  2237 | D:3      | Killed a bullfrog
  2238 | D:3      | Reached XP level 5. HP: 46/47 MP: 4/4
  2334 | D:3      | Reached skill level 5 in Axes
  2436 | D:4      | Reached XP level 6. HP: 55/55 MP: 5/5
  2451 | D:4      | Found a transporter.
  2454 | D:4      | Found a transporter.
  2581 | D:4      | Found a staircase to the Ecumenical Temple.
  2599 | Temple   | Entered the Ecumenical Temple
  2628 | D:4      | Reached skill level 5 in Fighting
  2628 | D:4      | Reached skill level 5 in Armour
  2628 | D:4      | Reached skill level 5 in Shields
  2829 | D:4      | Reached skill level 6 in Axes
  3393 | D:4      | Reached XP level 7. HP: 61/61 MP: 6/6
  3431 | D:5      | Entered Level 5 of the Dungeon
  3586 | D:5      | Found a bloodstained altar of Trog.
  3860 | D:5      | Reached skill level 7 in Axes
  3999 | D:5      | Noticed Menkaure
  4004 | D:5      | Killed Menkaure
  4270 | D:5      | Reached XP level 8. HP: 70/70 MP: 7/7
  4271 | D:5      | Noticed Sigmund
  4277 | D:5      | Killed Sigmund
  4723 | D:6      | Found a shadowy altar of Dithmenos.
  4730 | D:6      | Found a hazy altar of Hepliaklqana.
  5084 | D:6      | Reached skill level 8 in Axes
  5781 | D:7      | Noticed Pikel
  5788 | D:7      | Killed Pikel
  5789 | D:7      | Reached skill level 9 in Axes
  5789 | D:7      | Reached XP level 9. HP: 58/79 MP: 8/8
  5991 | D:7      | Found a stormy altar of Qazlal.
  6097 | D:7      | Noticed Prince Ribbit
  6114 | D:7      | Killed Prince Ribbit
  6115 | D:7      | Reached skill level 1 in Evocations
  6134 | D:7      | Noticed Dowan
  6134 | D:7      | Noticed Duvessa
  6148 | D:7      | Killed Duvessa
  6153 | D:7      | Killed Dowan
  6156 | D:7      | Got A Beginning Course on the Sigils and Symbols
  6184 | D:7      | Noticed Maurice
  6208 | D:7      | Something stole 103 gold
  6210 | D:7      | Something stole 240 gold
  6245 | D:7      | Killed Maurice
  6246 | D:7      | Reached skill level 10 in Axes
  6900 | D:8      | Found an ornate altar of the Wu Jian Council.
  6912 | D:8      | Found an iron altar of Okawaru.
  6924 | D:8      | Became a worshipper of Warmaster Okawaru
  7060 | D:8      | Noticed a two-headed ogre
  7067 | D:8      | Killed a two-headed ogre
  7068 | D:8      | Reached skill level 11 in Axes
  7068 | D:8      | Reached XP level 10. HP: 90/90 MP: 9/9
  7260 | D:8      | Reached * piety under Okawaru
  7835 | D:9      | Noticed a two-headed ogre
  7840 | D:9      | Reached skill level 5 in Evocations
  7844 | D:9      | Killed a two-headed ogre
  7844 | D:9      | Reached ** piety under Okawaru
  7852 | D:9      | Noticed a two-headed ogre
  7859 | D:9      | Reached skill level 12 in Axes
  8078 | D:9      | Killed a two-headed ogre
  8165 | D:9      | Noticed a death knight
  8173 | D:9      | Killed a death knight
  8173 | D:9      | Reached *** piety under Okawaru
  8174 | D:9      | Reached XP level 11. HP: 42/97 MP: 10/10
  8342 | D:9      | Noticed a tengu warrior
  8347 | D:9      | Noticed a boulder beetle
  8350 | D:9      | Killed a tengu warrior
  8372 | D:9      | Killed a boulder beetle
  8645 | D:9      | Identified the +8 spear "Lofiew" {drain, +Blink rCorr MP+9}
  8646 | D:9      | Got Sif Muna's Encyclopedia of Dramatic Exits
  8708 | D:9      | Noticed a two-headed ogre
  8723 | D:9      | Killed a two-headed ogre
  8724 | D:9      | Reached skill level 13 in Axes
  8726 | D:9      | Reached skill level 10 in Fighting
  8726 | D:9      | Reached skill level 10 in Armour
  8746 | D:9      | Reached **** piety under Okawaru
  9034 | D:9      | Found a shimmering altar of Xom.
  9040 | D:9      | Reached skill level 10 in Shields
  9046 | D:9      | Reached skill level 1 in Invocations
  9241 | D:10     | Entered Level 10 of the Dungeon
  9279 | D:10     | Found a broken altar of Ashenzari.
  9654 | D:10     | Found a burning altar of Makhleb.
 10031 | D:10     | Acquired a ring of positive energy
 10488 | D:11     | Paralysed by a hornet for 1 turns
 10549 | D:11     | Noticed a two-headed ogre
 10552 | D:11     | Noticed a white ugly thing
 10558 | D:11     | Killed a two-headed ogre
 10562 | D:11     | Killed a white ugly thing
 10563 | D:11     | Reached skill level 14 in Axes
 10586 | D:11     | Noticed a two-headed ogre
 10626 | D:11     | Noticed a two-headed ogre
 10632 | D:11     | Killed a two-headed ogre
 10777 | D:11     | Killed a two-headed ogre
 10777 | D:11     | Reached ***** piety under Okawaru
 10778 | D:11     | Reached XP level 12. HP: 108/108 MP: 11/13
 10818 | D:11     | Found a staircase to the Lair.
 10818 | D:11     | Noticed a death yak
 10838 | D:11     | Killed a death yak
 10849 | D:11     | Noticed a two-headed ogre
 10862 | D:11     | Killed a two-headed ogre
 11224 | Lair:1   | Entered Level 1 of the Lair of Beasts
 12362 | Lair:1   | Reached skill level 15 in Axes
 12379 | Lair:1   | Received a gift from Okawaru
 12550 | Lair:1   | Found a runed translucent gate.
 12550 | Lair:1   | Found a runed translucent gate.
 12550 | Lair:1   | Found a runed translucent gate.
 12552 | Lair:1   | Noticed Utekae Hyibe's ghost (journeyman GrEE)
 12567 | Lair:1   | Killed Utekae Hyibe's ghost
 12958 | Lair:2   | Found a staircase to the Snake Pit.
 12971 | Lair:2   | Received a gift from Okawaru
 13229 | Lair:2   | Noticed a minotaur
 13232 | Lair:2   | Noticed an eight-headed hydra
 13232 | Lair:2   | Noticed a six-headed hydra
 13233 | Lair:2   | Noticed OboGreatPlayer's ghost (journeyman CoHu)
 13255 | Lair:2   | Found a runed translucent gate.
 13255 | Lair:2   | Found a runed translucent gate.
 13255 | Lair:2   | Found a runed translucent gate.
 13349 | Lair:2   | Killed an eight-headed hydra
 13350 | Lair:2   | Reached skill level 5 in Invocations
 13467 | Lair:2   | Reached XP level 13. HP: 117/117 MP: 15/15
 13485 | Lair:2   | Killed a minotaur
 13572 | Lair:2   | Reached skill level 16 in Axes
 13621 | Lair:2   | Received a gift from Okawaru
 13723 | Lair:2   | Killed OboGreatPlayer's ghost
 14130 | Lair:2   | Found a runed translucent door.
 14154 | Lair:2   | Noticed a dire elephant
 14262 | Lair:2   | Killed a dire elephant
 14263 | Lair:2   | Reached skill level 1 in Dodging
 14527 | Lair:2   | Identified the +6 short sword of Interdependent Arising
                  | {heavy, Will+}
 15052 | Lair:3   | Received a gift from Okawaru
 15343 | Lair:3   | Found a staircase to the Swamp.
 16061 | Lair:3   | Received a gift from Okawaru
 16299 | Lair:3   | Noticed Kirke
 17248 | Lair:4   | Found a staircase to the Slime Pits.
 17325 | Lair:4   | Reached XP level 14. HP: 112/129 MP: 18/18
 17473 | Lair:4   | Reached skill level 5 in Dodging
 17484 | Lair:4   | Received a gift from Okawaru
 18296 | Lair:4   | Found a viscous altar of Jiyva.
 18426 | Lair:5   | Entered Level 5 of the Lair of Beasts
 18605 | Lair:5   | Noticed Urug
 18620 | Lair:5   | Killed Urug
 19173 | Lair:5   | Received a gift from Okawaru
 19885 | Lair:5   | Identified the +2 robe "Goacza Qenna" {^Drain Will+ rCorr
                  | Str+3}
 20419 | D:12     | Noticed Frances
 20422 | D:12     | Received a gift from Okawaru
 20701 | D:12     | Killed Frances
 20924 | D:12     | Found a staircase to the Orcish Mines.
 20946 | D:12     | Found a transporter.
 20955 | D:12     | Found a transporter.
 20963 | D:12     | Found a transporter.
 21069 | D:12     | Acquired the +0 kite shield of the Three Beggars {^Contam
                  | rPois Will+ rCorr}
 21273 | D:12     | Found a transporter.
 21541 | Orc:1    | Entered Level 1 of the Orcish Mines
 21541 | Orc:1    | Noticed Snorg
 21541 | Orc:1    | Found Nupheik's Weapon Shop.
 21554 | Orc:1    | Killed Snorg
 22193 | Orc:1    | Found a roughly hewn altar of Beogh.
 22572 | Orc:2    | Entered Level 2 of the Orcish Mines
 22692 | Orc:2    | Reached XP level 15. HP: 106/139 MP: 20/20
 22822 | Orc:2    | Reached ****** piety under Okawaru
 22840 | Orc:2    | Acquired a +2 broad axe of flaming
 22840 | Orc:2    | Received a gift from Okawaru
 22842 | Orc:2    | Acquired the +2 hat "Noed" {rF+}
 22842 | Orc:2    | Received a gift from Okawaru
 22928 | Orc:2    | Found a staircase to the Elven Halls.
 22984 | Orc:2    | Received a gift from Okawaru
 23220 | Orc:2    | Found Zicud's Distillery.
 23238 | Orc:2    | Found Torghu's General Store.
 23634 | Orc:2    | Bought a potion of curing for 45 gold pieces
 23634 | Orc:2    | Bought a potion of curing for 45 gold pieces
 23634 | Orc:2    | Bought a potion of curing for 45 gold pieces
 23636 | Orc:2    | Bought a potion of curing for 42 gold pieces
 23636 | Orc:2    | Bought a potion of heal wounds for 70 gold pieces
 23694 | Orc:2    | Reached skill level 15 in Shields
 23836 | Orc:2    | Reached skill level 17 in Axes
 23924 | Orc:2    | Found Noihasac's Antique Armour Shop.
 23924 | Orc:2    | Found Fihaumi's Book Boutique.
 23925 | Orc:2    | Found a one-way gate leading to the halls of Pandemonium.
 23933 | Orc:2    | Bought a pair of embroidered gloves for 202 gold pieces
 24576 | D:13     | Found a transporter.
 24584 | D:13     | Noticed a fire giant
 24591 | D:13     | Noticed Cotuymat's ghost (journeyman OnHW)
 24595 | D:13     | Found a transporter.
 24748 | D:13     | Received a gift from Okawaru
 24989 | D:13     | Found a gate to the Vaults.
 25681 | D:14     | Received a gift from Okawaru
 25820 | D:14     | Found a portal to a secret trove of treasure.
 26002 | D:14     | Reached skill level 18 in Axes
 26290 | D:15     | Entered Level 15 of the Dungeon
 26322 | D:15     | Found a staircase to the Depths.
 26835 | D:15     | Reached XP level 16. HP: 142/143 MP: 14/21
 27607 | D:15     | Found a shadowy altar of Dithmenos.
 27751 | D:15     | Reached skill level 15 in Armour
 28177 | Swamp:1  | Entered Level 1 of the Swamp
 28188 | Swamp:1  | Acquired the +3 pair of seven-league boots {Rampage+∞}
 28188 | Swamp:1  | Found the +3 pair of seven-league boots {Rampage+∞}
 28214 | Swamp:1  | Noticed Jorgrun
 28226 | Swamp:1  | Reached skill level 15 in Fighting
 28235 | Swamp:1  | Killed Jorgrun
 28235 | Swamp:1  | Received a gift from Okawaru
 28855 | Swamp:1  | Found a runed translucent door.
 29011 | Swamp:1  | Reached skill level 10 in Evocations
 29244 | Swamp:1  | Received a gift from Okawaru
 29254 | Swamp:1  | Identified the staff of Royalism {rF+ rN+ Int+3 Dex-4
                  | Necro}
 30586 | Swamp:3  | Found a runed translucent gate.
 30586 | Swamp:3  | Found a runed translucent gate.
 30586 | Swamp:3  | Found a runed translucent gate.
 30598 | Swamp:3  | Received a gift from Okawaru
 30695 | Swamp:3  | Noticed a tentacled monstrosity
 30713 | Swamp:3  | Killed a tentacled monstrosity
 30892 | Swamp:3  | Reached skill level 10 in Dodging
 31101 | Swamp:3  | Noticed a tentacled monstrosity
 31113 | Swamp:3  | Killed a tentacled monstrosity
 31508 | Swamp:3  | Received a gift from Okawaru
 31733 | Swamp:3  | Reached XP level 17. HP: 158/158 MP: 20/22
 31818 | Swamp:3  | Slain by a tyrant leech

Illustrated notes

Levels and vault maps discovered:
D:1:      dpeg_arrival_pits, layout_basic, hellmonk_ecumenical_altar_run_dry,
          hex_large
D:2:      layout_basic
D:3:      layout_basic, kennysheep_generic_room_3
D:4:      gammafunk_wand_slinger, layout_layer_cave,
          minmay_temple_entry_metal_lava, minmay_misc_feat_five,
          minmay_manual_mail
D:5:      layout_basic, mainiacjoe_overflow_cross_hatched, item_on_display_a,
          uniq_sigmund, uniq_menkaure
D:6:      layout_layer_cave, riverfiend_overflow_shadow_ancestor
D:7:      layout_basic, mainiacjoe_overflow_small_starburst, uniq_maurice,
          uniq_pikel, uniq_prince_ribbit1, uniq_duvessa
D:8:      layout_loops_ring, jmf_multi_god_temple2, minmay_manual_mess
D:9:      layout_roguey, xom_butterflies, minmay_the_grid_2x2
          [minmay_the_grid_minigrid_small_alt, minmay_the_grid_outer_circle,
          minmay_the_grid_expand, minmay_the_grid_prize_shrinking_boxes]
D:10:     layout_roguey, lightli_temple_of_fire, general_overflow_altar,
          serial_co_window_serial, co_window_corner_a, co_window_corner_a,
          co_window_paths_a, co_window_paths_a, co_window_corner_a,
          co_window_paths_c, co_window_2corner, co_window_corner_ca,
          co_window_cross_3, co_window_4corner_b, glass_columns_c,
          glass_columns_c
D:11:     layout_cave_pools, david_lair_generic
D:12:     layout_basic, erik_orc_4, nicolae_transporter_intersection,
          uniq_frances
D:13:     layout_rooms, hellmonk_vaults_order_and_chaos, nzn_ghost_randoct
D:14:     layout_gridville, nicolae_trove_entry_free_sample
D:15:     gammafunk_depths_entry_grave, layout_loops_cross, lemuel_round_altar
Temple:   oiseaux_autumnal_temple
Lair:1:   beast_lair_carwin_large_3, layout_layer_cave,
          ebering_ghost_rock_garden, infiniplex_staircase_pool,
          serial_bayou_shore_a
Lair:2:   gammafunk_lair_enchanted_lake, layout_cave_pods,
          nicolae_snake_entry_warm_welcome, maelrawn_ghost_gauntlet_escape,
          lemuel_fruit_tree, grunt_megastairs_5, lemuel_fruit_fields
Lair:3:   layout_regular_city, palyth_hydra_swamp_entry, nzn_random_ring,
          infiniplex_staircase_pool_2, uniq_kirke
Lair:4:   layout_cave_shapes, slime_entry_1, grunt_megastairs_3
Lair:5:   gammafunk_lair_ancient_temple, layout_regular_city,
          portal_ice_cave_entry_imps, minmay_lair_oklob_items,
          grunt_forest_small_clearings, uniq_urug
Swamp:1:  gammafunk_mikee_crab_dinner, layout_falls_marsh, nicolae_swamp_oxbows,
          uniq_jorgrun
Swamp:2:  layout_basic_swamp, evilmike_swamp_ruin_wall,
          nicolae_swamp_decorative_isthmus
Swamp:3:  nzn_winding_woodlands_three_and_one
          [nzn_winding_woodlands_5x15_concentric,
          nzn_winding_woodlands_5x15_pathside_ponds,
          nzn_winding_woodlands_5x15_twine, nzn_winding_woodlands_center_lodge],
          layout_basic_swamp, gammafunk_ghost_necromancy,
          evilmike_swamp_ruin_rubble_2
Orc:1:    layout_diamond_mine, serial_shops, shop, minmay_orc_temple_b,
          uniq_nergalle, uniq_snorg
Orc:2:    pf_orc_diabolical, layout_caves

Skill      XL: |  1  2  3  4  5  6  7  8  9 10 11 12 13 14 15 16 |
---------------+-------------------------------------------------+-----
Axes           | 3 4 5 6 7 9 11 12 14 15 16 18 | 18.0
Fighting       | 4 5 6 7 8 9 10 11 13 14 16 | 16.3
Armour         | 4 5 6 7 8 9 10 11 13 14 16 | 16.3
Shields        | 4 5 6 7 8 9 10 11 12 14 16 | 16.5
Evocations     | 4 6 7 8 11 | 11.8
Invocations    | 2 5 7 8 |  8.0
Dodging        | 4 7 8 10 | 10.5

Action                     |  1- 3 |  4- 6 |  7- 9 | 10-12 | 13-15 | 16-18 || total
---------------------------+-------+-------+-------+-------+-------+-------++-------
  Melee: War axe           |    82 |    42 |   161 |   405 |   729 |       ||  1419
         Headbutt          |     4 |     7 |    29 |    75 |   264 |   104 ||   483
         Kick              |       |     7 |    37 |   135 |   416 |    29 ||   624
         Spear             |       |       |       |     5 |    29 |    35 ||    69
         Unarmed           |       |       |       |       |     2 |       ||     2
         Broad axe         |       |       |       |       |   377 |   381 ||   758
  Throw: Throwing net      |       |       |       |       |     1 |       ||     1
 Invoke: Heroism           |       |       |       |     6 |     6 |     2 ||    14
         Finesse           |       |       |       |       |     2 |     1 ||     3
         Receive Weapon    |       |       |       |       |     1 |       ||     1
         Receive Armour    |       |       |       |       |     1 |       ||     1
  Evoke: Wand              |       |       |     5 |     6 |     2 |       ||    13
         Phial of floods   |       |       |       |       |     1 |       ||     1
         Condenser vane    |       |       |       |       |     1 |       ||     1
    Use: Scroll            |     7 |     2 |     5 |     7 |    13 |     4 ||    38
         Potion            |     3 |       |     4 |       |     5 |     1 ||    13
 Armour: Scale mail        |    83 |    24 |   140 |    11 |       |       ||   258
         Skin              |       |       |    10 |       |    36 |       ||    46
         Plate armour      |       |       |       |   358 |   723 |   305 ||  1386
  Dodge: Dodged            |    27 |    16 |    50 |   107 |   270 |    85 ||   555
  Block: Buckler           |    23 |    23 |   104 |   260 |   313 |       ||   723
         Reflection        |     2 |       |     1 |    14 |    49 |    11 ||    77
         Other             |       |       |       |       |     1 |       ||     1
         Kite shield       |       |       |       |       |   487 |   356 ||   843

Table legend: (Time is in decaauts)
 A = Elapsed time spent in this place.
 B = Non-inter-level travel time spent in this place.
 C = Inter-level travel time spent in this place.
 D = Time resting spent in this place.
 E = Time spent auto-exploring this place.
 F = Levels seen in this place.
 G = Mean time per level.
                   A        B        C        D        E       F      G
               +--------+--------+--------+--------+--------+-----+--------+
         Total |  31392 |  30294 |   1098 |   6172 |  18947 |  26 | 1207.4 |
       Dungeon |  16373 |  15751 |    622 |   2818 |  10383 |  15 | 1091.5 |
        Temple |     19 |      9 |     10 |      0 |      0 |   1 |   19.0 |
          Lair |   8835 |   8517 |    318 |   2017 |   4973 |   5 | 1767.0 |
         Swamp |   3530 |   3479 |     51 |    698 |   2205 |   3 | 1176.7 |
  Orcish Mines |   2634 |   2538 |     96 |    639 |   1386 |   2 | 1317.0 |
               +--------+--------+--------+--------+--------+-----+--------+

Top non-repeatable levels by time:
  Lair:3: 2392 daAuts
  Lair:2: 2259 daAuts
  Lair:5: 1647 daAuts
    D:15: 1500 daAuts
 Swamp:1: 1445 daAuts
     D:9: 1430 daAuts
    D:14: 1418 daAuts
  Lair:1: 1405 daAuts
   Orc:2: 1372 daAuts
    D:10: 1338 daAuts
     D:6: 1267 daAuts
   Orc:1: 1261 daAuts
 Swamp:3: 1188 daAuts
    D:12: 1165 daAuts
  Lair:4: 1130 daAuts
